 Dungeon Crawl Stone Soup version 0.28-b1-25-g9875b3fc8c (webtiles) character file.

Game seed: 7725348681740935914

179 sanka the Magician (level 5, -2/31 HPs)
             Began as a Deep Elf Transmuter on Feb 8, 2022.
             Slain by a gnoll (12 damage)
             ... on level 3 of the Dungeon.
             The game lasted 00:05:18 (5104 turns).

sanka the Magician (Deep Elf Transmuter)            Turns: 5104, Time: 00:05:18

Health: -2/31      AC:  8    Str:  7    XL:     5   Next: 32%
Magic:  23/23      EV:  8    Int: 20    God:
Gold:   66         SH:  0    Dex: 15    Spells: 13/14 levels left

rFire   . . .      SeeInvis .   a - +0 short sword (venom)
rCold   . . .      Faith    .   (no shield)
rNeg    . . .      Spirit   .   f - +1 scale mail {rPois}
rPois   +          Reflect  .   (no helmet)
rElec   .          Harm     .   (no cloak)
rCorr   .          Rampage  .   (no gloves)
Will    .....                   c - +0 pair of boots {Fly}
Stlth   ..........              h - amulet of the acrobat
HPRegen 0.10/turn               d - ring of magical power
MPRegen 0.18/turn               (no ring)

@: flying
A: no striking features
a: no special abilities


You were on level 3 of the Dungeon.
You visited 1 branch of the dungeon, and saw 3 of its levels.

You collected 66 gold pieces.

Inventory:

Hand Weapons
 a - a +0 short sword of venom (weapon)
 b - a +0 halberd
Armour
 c - a +0 pair of boots of flying (worn)
 e - a +0 robe
 f - a +1 scale mail of poison resistance (worn)
Jewellery
 d - a ring of magical power (left hand)
 h - an amulet of the acrobat (around neck)
Scrolls
 g - a scroll of magic mapping {unknown}
 j - a scroll of amnesia {unknown}
 k - 7 scrolls of identify {unknown}
 m - a scroll of fear {unknown}
 q - a scroll of noise {unknown}
Potions
 i - 3 potions of curing {unknown}
 l - 2 potions of might {unknown}
 n - a potion of haste {unknown}
 o - a potion of magic {unknown}
 p - a potion of flight {unknown}


   Skills:
 + Level 2.4 Fighting
 + Level 4.3 Dodging
 - Level 2.4 Unarmed Combat
 - Level 5.0 Spellcasting
 - Level 2.1 Transmutations


You had 13 spell levels left.
You knew the following spells:

 Your Spells              Type           Power      Damage    Failure   Level
a - Beastly Appendage     Tmut           26%        N/A       54%         1

Your spell library contained the following spells:

 Spells                   Type           Power      Damage    Failure   Level
 Wereblood                Tmut           13%        N/A       67%         2
 Slow                     Hex            20%        N/A       83%         1
 Spider Form              Tmut/Pois      9%         N/A       96%         3
 Confusing Touch          Hex            5%         N/A       99%         3
 Vampiric Draining        Necr           5%         2d6       99%         3
 Ice Form                 Ice/Tmut       9%         N/A       100%        4


Dungeon Overview and Level Annotations

Branches:
Dungeon (3/15)

Altars:

Annotations:
D:3 Jessica, Terence


Message History

q - a scroll labelled DEEXZOTEHI
Things that are here:
a +0 dagger; 3 boomerangs; an orc corpse The orc shouts!
There are monsters nearby!
Terence shouts!
You hit the orc but do no damage.
The orc is poisoned.
You closely miss the orc.
The orc splashes around in the water.
You hit the orc but do no damage.
The orc looks even sicker.
The orc hits you with a +0 falchion.
You hit the orc but do no damage.
The orc looks as sick as possible!
A gnoll comes into view. It is wielding a +0 halberd.
The orc hits you but does no damage.
You barely miss the orc.
The orc is heavily wounded.
The gnoll shouts!
The orc splashes around in the water.
The orc hits you but does no damage.
You hit the orc.
The orc is almost dead.
You kill the orc!
You hear a splash. x2
You hit Terence but do no damage. You hit Terence but do no damage.
Terence is poisoned.
Terence completely misses you.
You barely miss Terence. Your punch misses Terence.
Terence hits you with a +0 mace.
The gnoll hits you from afar with a +0 halberd.
You hit Terence but do no damage.
Terence is lightly wounded.
Terence hits you but does no damage.
The gnoll hits you from afar with a +0 halberd!
Terence says, "Did you write a will?
You should..."
Terence shouts, "Now you die!"
Terence looks more healthy.
Terence hits you with a +0 mace. The gnoll completely misses you.
You hit Terence.
Terence is severely wounded.
Terence splashes around in the water.
The gnoll hits you from afar with a +0 halberd!
You die...

####.# .....# .....# .....# .
.....# ### .. .<...# ..≈≈#..
#############''' .....# ...≈≈#..
#...............
.....#....≈≈#####≈g≈≈≈≈≈≈≈≈≈≈...@
.....#....≈≈≈≈≈≈@≈≈≈≈≈≈≈≈≈≈≈≈....
.....#....≈≈≈≈≈≈≈@≈≈≈≈≈≈≈)≈≈≈....
.....#.....P..........(..........
...#.............................
........#.#####..................
#..#..........................##
##.....##...######.....#..<..##
....#.......#######)######.....##
#...##.......†..###..#########...


You could see Terence and a gnoll.

Vanquished Creatures
  5 adders
  4 gnolls
  3 worms
  4 dart slugs
  4 orcs
  11 ball pythons
  4 endoplasms
  3 giant cockroaches
  6 goblins
  3 hobgoblins
  4 jackals
  10 kobolds
  3 quokkas
  7 bats
  5 rats
76 creatures vanquished.

Vanquished Creatures (others)
  A fungus (D:2)
1 creature vanquished.

Grand Total: 77 creatures vanquished

Notes
Turn   | Place    | Note
-------+----------+-------------------------------------------
     0 | D:1      | sanka the Deep Elf Transmuter began the quest for the Orb.
     0 | D:1      | Reached XP level 1. HP: 11/11 MP: 6/6
   571 | D:1      | Reached skill level 4 in Spellcasting
   571 | D:1      | Reached XP level 2. HP: 13/16 MP: 7/9
  1706 | D:1      | Reached XP level 3. HP: 18/20 MP: 11/11
  1998 | D:1      | Reached skill level 1 in Fighting
  2218 | D:2      | Reached skill level 5 in Spellcasting
  2742 | D:1      | Reached XP level 4. HP: 8/25 MP: 13/13
  3858 | D:2      | Reached XP level 5. HP: 22/30 MP: 14/14
  4010 | D:2      | You are sucked into a shaft and drop 1 floor!
  4114 | D:2      | Found a faded altar of an unknown god.
  4425 | D:3      | Noticed Terence
  4426 | D:3      | Noticed Jessica
  5104 | D:3      | Slain by a gnoll

Illustrated notes

Levels and vault maps discovered:
D:1:      ebering_trefoil_twist, layout_rooms, minmay_liquid_box, minmay_tall_x
D:2:      layout_loops_ring, shapermc_ecumenical_altar_ellora,
          minmay_shallow_snake_nest
D:3:      lemuel_castle_with_subvaults [lemuel_castle_interior_carwin_2],
          layout_rooms, uniq_grinder, uniq_terence, uniq_jessica

Skill      XL: |  1  2  3  4 |
---------------+-------------+-----
Spellcasting   | 4 5 |  5.0
Fighting       | 1 2 |  2.4
Dodging        | 3 4 |  4.3
Unarmed Combat | |  2.4
Transmutations | |  2.1

Action                   |  1- 3 |  4- 6 || total
-------------------------+-------+-------++-------
Melee: Unarmed           |    24 |       ||    24
       Kick              |     9 |       ||     9
       Headbutt          |     3 |       ||     3
       Short sword       |    68 |   142 ||   210
       Punch             |     4 |     2 ||     6
 Cast: Beastly Appendage |    11 |       ||    11
Armor: Robe              |     8 |       ||     8
       Scale mail        |    26 |    66 ||    92
Dodge: Dodged            |    39 |    70 ||   109
